 Dungeon Crawl Stone Soup version 0.30-a0-782-ge64f9170bb (webtiles) character file.

Game seed: 7366059497921384028

23500 sanka the Marksdemigod (level 12, -4/101 HPs)
             Began as a Demigod Hunter on Feb 23, 2023.
             Slain by a meliai
             ... wielding a +0 hand axe
              (11 damage)
             ... in a Gauntlet.
             The game lasted 00:26:13 (13216 turns).

sanka the Marksdemigod (Demigod Hunter)            Turns: 13216, Time: 00:26:14

Health: -4/101     AC: 12    Str: 12    XL:     12   Next: 39%
Magic:  15/15      EV: 26    Int: 11    God:
Gold:   762        SH:  0    Dex: 33    Spells: 11/11 levels left

rFire   . . .      SeeInvis .    a - +0 arbalest
rCold   . . .      Faith    .    (shield currently unavailable)
rNeg    . . .      Spirit   .    J - +0 steam dragon scales
rPois   +          Reflect  .    S - +2 helmet
rElec   .          Harm     .    h - +0 cloak
rCorr   .          Rampage  .    k - +2 pair of gloves
Will    +....      NoTele   +    (no boots)
Stlth   +++                      (no amulet)
HPRegen 0.36/turn                i - ring of poison resistance
MPRegen 0.14/turn                F - +5 ring of evasion

@: no status effects
A: high MP 1, forlorn, divine attributes
a: no special abilities


You were in a Gauntlet.
You visited 1 branch of the dungeon, and saw 12 of its levels.
You also visited: Gauntlet.

You collected 911 gold pieces.
You spent 149 gold pieces at shops.


Innate Abilities, Weirdness & Mutations

You have an increased reservoir of magic. (+10% MP)
You shall have no god before yourself.
Your divine heritage dramatically boosts your attributes as you level up.


   Skills:
 - Level 8.0 Fighting
 + Level 16.7 Ranged Weapons
 - Level 8.0 Dodging
 - Level 0.8 Stealth


You had 11 spell levels left.
You didn't know any spells.
Your spell library contained the following spells:

 Spells                   Type           Power      Damage    Failure   Level
 Magic Dart               Conj           0%         1d3       34%         1
 Necrotise                Necr           0%         1d4       34%         1
 Shock                    Conj/Air       0%         1d3       34%         1
 Ensorcelled Hibernation  Hex/Ice        0%         N/A       47%         2
 Searing Ray              Conj           0%         2d4       47%         2
 Spider Form              Tmut/Pois      0%         N/A       71%         3
 Swiftness                Air            0%         N/A       71%         3
 Vampiric Draining        Necr           0%         2d6       71%         3
 Airstrike                Air            0%         2d(0-16)  98%         4
 Anguish                  Hex/Necr       0%         N/A       98%         4
 Animate Dead             Necr           0%         N/A       98%         4
 Fulminant Prism          Conj/Hex       0%         3d5       98%         4
 Agony                    Necr           0%         N/A       100%        5
 Haunt                    Necr/Summ      0%         N/A       100%        7
 Borgnjor's Revivificati  Necr           0%         N/A       100%        8
 Infestation              Necr           0%         N/A       100%        8
 Necromutation            Tmut/Necr      0%         N/A       100%        8
 Death's Door             Necr           0%         N/A       100%        9

Inventory:

Hand Weapons
 a - a +0 arbalest (weapon)
Armour
 c - a +2 leather armour of fire resistance
 h - a +0 cloak (worn)
 k - a +2 pair of gloves (worn)
 J - +0 steam dragon scales (worn)
 S - a +2 helmet (worn)
Magical Staves
 u - a staff of air
Jewellery
 f - a ring of see invisible
 i - a ring of poison resistance (left hand)
 j - a +6 ring of dexterity
 E - a +6 ring of dexterity
 F - a +5 ring of evasion (right hand)
 I - a ring of flight
 R - the ring of Interdependent Arising {rN+ rCorr AC+4}

   [ring of protection]

   AC:        It affects your AC (+4).
   rN:        It protects you from negative energy.
   rCorr:     It protects you from acid and corrosion.
Wands
 q - a wand of digging (14)
 D - a wand of roots (23)
 H - a wand of flame (22)
 K - a wand of light (10)
 T - a wand of charming (6)
Scrolls
 b - 2 scrolls of immolation {!r}
 d - 6 scrolls of teleportation {@r4}
 g - 3 scrolls of poison {!r}
 y - 7 scrolls of enchant weapon
 A - 3 scrolls of enchant armour
 B - 2 scrolls of summoning
 G - 3 scrolls of fear
 M - 2 scrolls of noise {!r}
 O - 3 scrolls of vulnerability {!r}
 P - a scroll of brand weapon
 Q - 2 scrolls of fog
Potions
 e - 2 potions of magic {unknown}
 l - 2 potions of attraction {unknown}
 m - 2 potions of resistance {unknown}
 n - 4 potions of cancellation {unknown}
 p - 2 potions of berserk rage {unknown}
 r - a potion of might {unknown}
 s - a potion of invisibility {unknown}
 t - 3 potions of mutation {unknown}
 v - 2 potions of flight {unknown}
 x - 3 potions of brilliance {unknown}
 z - 7 potions of curing {@q1}
 C - 2 potions of degeneration {unknown}

Dungeon Overview and Level Annotations

Branches:
Dungeon (12/15)            Temple (0/1) D:7            Lair (0/5) D:10
    Orc (0/2) D:9         Gauntlet (1/1)

Shops:
D:4 (   D:8 *   D:10 [

Annotations:
D:9 exclusion: downstairs
D:10 exclusion: downstairs Gauntlet 7 transporters, exclusion: ice statue

▒ ▒▒▒ ▒▒▒ ▒▒▒ ▒▒▒ ▒▒
▒▒▒≈▒▒▒≈▒▒▒≈▒▒▒≈▒▒▒≈▒▒
≈▒≈≈≈▒≈≈≈▒≈≈≈▒≈≈≈▒≈≈≈▒
...................≈▒
▒▒▒▒▒▒...▒▒▒▒▒▒▒▒▒.▒▒
.....▒.8.▒.▒.....▒.≈▒▒ .▒
▒▒..▒▒...▒.▒.▒▒▒!▒.≈≈▒ 8.▒
▒..▒▒▒▒▒▒▒.▒▒▒..§▒.≈▒▒ ..▒
.©▒▒l▒©.©▒...©☼yp▒.▒▒ .8.▒▒.
.▒▒..▒.8.▒.▒▒▒.°§▒..▒▒......
▒▒.?l▒...▒.▒.▒▒▒°▒...▒.8.▒
.....▒.8.▒.▒.....▒.∩.▒...▒
▒▒▒▒▒▒...▒▒▒▒▒▒▒▒▒...▒.©.▒▒.
.....▒.8.....▒.....8.▒......
▒▒▒▒▒▒...▒▒▒▒▒▒▒▒▒...▒.©.▒▒.
▒▒...▒.8.▒......t▒.∩.▒...▒
...▒▒▒...▒.⌠.▒.▒=▒...▒.8.▒


You could see an apocalypse crab and a meliai.


Message History

The meliai calls upon its god to heal the meliai.
The meliai is healed somewhat.
You shoot a bolt. The bolt barely misses the meliai.
The bolt barely misses the meliai.
The meliai calls down the wrath of its god upon you.
Something smites you!
* * * LOW HITPOINT WARNING * * *
The meliai mumbles some strange prayers to its god against you.
Something smites you!
* * * LOW HITPOINT WARNING * * *
You shoot a bolt. The bolt hits the meliai!!
You kill the meliai!
You shoot a bolt. The bolt hits the meliai.
The meliai is moderately wounded.
The meliai invokes the aid of its god against you.
Something smites you!
* * * LOW HITPOINT WARNING * * *
You shoot a bolt. The bolt misses the meliai.
You shoot a bolt. The bolt hits the meliai.
The meliai is moderately wounded.
You shoot a bolt. The bolt hits the meliai.
The meliai is heavily wounded.
The meliai hits you with a +0 hand axe!
You die...

Action                     |  1- 3 |  4- 6 |  7- 9 | 10-12 || total
---------------------------+-------+-------+-------+-------++-------
  Melee: Shortbow          |       |     2 |       |     3 ||     5
   Fire: Shortbow          |    89 |   205 |   495 |   528 ||  1317
         Arbalest          |       |       |       |   272 ||   272
  Evoke: Wand              |       |       |       |     1 ||     1
    Use: Potion            |     1 |       |     2 |       ||     3
         Scroll            |       |       |       |    13 ||    13
 Armour: Leather armour    |    14 |    36 |    80 |       ||   130
         Steam dragon scal |       |       |     5 |    46 ||    51
  Dodge: Dodged            |    15 |    88 |   204 |   456 ||   763

Levels and vault maps discovered:
D:1:      ldierk_walled_garden, layout_basic, basic_ecumenical_altar,
          palyth_stone_intersect, minmay_pentomino_w2
D:2:      layout_basic, uniq_terence
D:3:      layout_basic, mainiacjoe_overflow_big_doors,
          corexii_item_surrounded_by_moat
D:4:      layout_rooms, serial_shops, shop, corexii_corridor_pit, uniq_edmund
D:5:      layout_gridville, dreamdust_wishing_well, uniq_pikel, uniq_sigmund
D:6:      layout_cave_pools, nicolae_overflow_hidden_temple,
          dreamdust_princess_bridge
D:7:      layout_rooms, minmay_temple_entry_glass, dk_noncrumbling_2,
          minmay_unpleasant_kobolds, uniq_joseph
D:8:      layout_basic, gammafunk_temple_overflow_claw, zin_treasury,
          mainiacjoe_overflow_catwalk, tso_altar, grunt_ministairs_1,
          nicolae_blasting_shop, nicolae_figureground_sparkle, uniq_psyche,
          uniq_gastronok
D:9:      lemuel_castle_with_subvaults [lemuel_castle_interior_carwin_3],
          layout_irregular_city, lemuel_crystal_altar, david_orc_4,
          minmay_librarian
D:10:     dragon1_lemuel, layout_long_grid, trog_wizard,
          mainiacjoe_overflow_concentric_impassable, erik_lair_island,
          hangedman_decor_clover_reticule, serial_park_tiny_2,
          nicolae_shop_dragon_depot, nicolae_underground_beach, uniq_urug,
          uniq_erica
D:11:     layout_basic, kennysheep_small_spiral
D:12:     layout_gridville, gauntlet_entry_generic, uniq_kirke
Gauntlet: minmay_gauntlet_77_indecision [minmay_gauntlet_arena_77_cramped,
          minmay_gauntlet_arena_77_mess, minmay_gauntlet_arena_77_two_lines,
          minmay_gauntlet_arena_77_squiggly, minmay_gauntlet_arena_77_mirror,
          minmay_gauntlet_arena_77_museum, gauntlet_exit_watery]

Notes
Turn   | Place    | Note
-------+----------+-------------------------------------------
     0 | D:1      | sanka the Demigod Hunter began the quest for the Orb.
     0 | D:1      | Reached XP level 1. HP: 17/17 MP: 3/3
   198 | D:1      | Reached skill level 2 in Fighting
   400 | D:1      | Reached XP level 2. HP: 24/24 MP: 4/4
   721 | D:2      | Reached skill level 4 in Ranged Weapons
   811 | D:2      | Reached XP level 3. HP: 30/30 MP: 5/5
   842 | D:2      | Noticed Terence
   865 | D:2      | Killed Terence
   944 | D:2      | Reached skill level 3 in Fighting
  1058 | D:3      | Reached XP level 4. HP: 38/38 MP: 6/6
  2050 | D:4      | Found Plog's Antique Weapon Boutique.
  2122 | D:4      | Reached skill level 5 in Ranged Weapons
  2122 | D:4      | Reached XP level 5. HP: 30/46 MP: 7/7
  2303 | D:4      | Reached skill level 4 in Fighting
  2476 | D:4      | Reached XP level 6. HP: 29/53 MP: 8/8
  2606 | D:4      | Noticed Edmund
  2624 | D:4      | Killed Edmund
  2625 | D:4      | Reached skill level 6 in Ranged Weapons
  2631 | D:4      | Reached skill level 5 in Fighting
  2887 | D:5      | Entered Level 5 of the Dungeon
  2888 | D:5      | Noticed Sigmund
  2896 | D:5      | Killed Sigmund
  2897 | D:5      | Reached XP level 7. HP: 58/61 MP: 9/9
  3097 | D:5      | Reached skill level 6 in Fighting
  3124 | D:5      | Reached skill level 7 in Ranged Weapons
  3362 | D:5      | Reached XP level 8. HP: 53/71 MP: 10/10
  3489 | D:4      | Bought a polished sling for 149 gold pieces
  3489 | D:4      | Identified the +4 sling "Buatal" {freeze, Contam rN+ rCorr}
                  | (You bought it in a shop on level 4 of the Dungeon)
  3716 | D:5      | Noticed Pikel
  3747 | D:4      | HP: 7/71 [Pikel/+0 whip of freezing (3)]
  3747 | D:4      | HP: 3/71 [Pikel/+0 whip of freezing (1)]
  3764 | D:4      | Killed Pikel
  3765 | D:4      | Reached skill level 7 in Fighting
  3765 | D:4      | Reached skill level 8 in Ranged Weapons
  4192 | D:6      | Reached skill level 8 in Fighting
  4477 | D:6      | Reached skill level 9 in Ranged Weapons
  4477 | D:6      | Reached XP level 9. HP: 81/81 MP: 11/11
  4850 | D:7      | Found a staircase to the Ecumenical Temple.
  4935 | D:7      | Noticed Joseph
  5273 | D:7      | Killed Joseph
  5454 | D:7      | Reached skill level 10 in Ranged Weapons
  5454 | D:7      | Reached skill level 2 in Dodging
  5618 | D:7      | Reached skill level 3 in Dodging
  5982 | D:8      | Found Wur Ozej's Demolitions Depot.
  6042 | D:8      | Reached skill level 4 in Dodging
  6219 | D:8      | Noticed Psyche
  6228 | D:8      | Killed Psyche
  6229 | D:8      | Reached skill level 5 in Dodging
  6244 | D:8      | Identified +0 steam dragon scales
  6447 | D:8      | Reached skill level 6 in Dodging
  6638 | D:8      | Noticed Gastronok
  6661 | D:8      | HP: 4/81 [Gastronok/the air (20)]
  6930 | D:8      | Killed Gastronok
  6931 | D:8      | Reached skill level 7 in Dodging
  6931 | D:8      | Reached XP level 10. HP: 58/88 MP: 13/13
  7216 | D:9      | Reached skill level 8 in Dodging
  7733 | D:9      | Reached skill level 11 in Ranged Weapons
  7962 | D:9      | Noticed a naga mage
  7967 | D:9      | Killed a naga mage
  8147 | D:9      | Reached skill level 12 in Ranged Weapons
  8406 | D:9      | Noticed a smoke demon
  8422 | D:9      | Reached XP level 11. HP: 51/94 MP: 14/14
  8894 | D:9      | Reached skill level 13 in Ranged Weapons
  9054 | D:9      | Noticed an orc knight
  9075 | D:9      | HP: 7/94 [orc knight/+2 great sword (29)]
  9076 | D:9      | Killed an orc knight
  9338 | D:9      | Identified the +4 rapier of Xeots {flame, *Slow rElec Str-5
                  | Dex+6}
  9372 | D:9      | Noticed a two-headed ogre
  9413 | D:9      | Killed a two-headed ogre
  9728 | D:9      | Reached skill level 14 in Ranged Weapons
  9895 | D:9      | Found a staircase to the Orcish Mines.
  9982 | D:10     | Entered Level 10 of the Dungeon
  9987 | D:10     | Noticed Erica
  9993 | D:10     | Killed Erica
 10461 | D:10     | Found a staircase to the Lair.
 10472 | D:10     | Identified the ring of Interdependent Arising {rN+ rCorr
                  | AC+4}
 10520 | D:10     | Found Haida's Dragon-Slaying Spoils.
 10564 | D:10     | Noticed Urug
 10593 | D:10     | Killed Urug
 10597 | D:10     | Reached skill level 15 in Ranged Weapons
 11101 | D:10     | Noticed a fire dragon
 11122 | D:10     | Killed a fire dragon
 11552 | D:11     | Reached XP level 12. HP: 101/101 MP: 15/15
 11995 | D:11     | Reached skill level 16 in Ranged Weapons
 12821 | D:12     | Found a gate leading to a gauntlet.
 12844 | Gauntlet | Entered a Gauntlet
 12844 | Gauntlet | Found a runed translucent door.
 12844 | Gauntlet | Found a transporter.
 12844 | Gauntlet | Found a runed translucent door.
 12844 | Gauntlet | Found a transporter.
 12853 | Gauntlet | Found a transporter.
 12857 | Gauntlet | Found a transporter.
 12869 | Gauntlet | Found a transporter.
 12873 | Gauntlet | Found a transporter.
 12877 | Gauntlet | Found a transporter.
 12893 | Gauntlet | Found a transporter.
 12908 | Gauntlet | Found a transporter.
 12912 | Gauntlet | Found a transporter.
 12923 | Gauntlet | Found a transporter.
 12924 | Gauntlet | Found a transporter.
 13213 | Gauntlet | HP: 6/101 [meliai/divine providence (10)]
 13216 | Gauntlet | Slain by a meliai

Vanquished Creatures
  Gastronok (D:8)
  A fire dragon (D:10)
  Erica (D:10)
  A two-headed ogre (D:9)
  Urug (D:10)
  Pikel (D:4)
  An orc knight (D:9)
  An ugly thing (D:11)
  2 cyclopes (D:9)
  Joseph (D:7)
  A smoke demon (Gauntlet)
  An unseen horror (D:12)
  A naga mage (D:9)
  2 kobold demonologists (D:9)
  A red devil (Gauntlet)
  A queen bee (Gauntlet)
  9 trolls
  2 meliai (Gauntlet)
  3 slime creatures (D:12)
  A vampire (D:11)
  Sigmund (D:5)
  2 shadows (D:11)
  4 water elementals (D:10)
  A wraith (D:9)
  18 yaks
  A basilisk (D:11)
  3 steam dragons
  Edmund (D:4)
  10 wargs (D:9)
  A hell hound (D:9)
  A water moccasin (D:8)
  14 orc warriors
  3 ice beasts
  2 sky beasts
  3 centaurs
  4 wolves (D:10)
  4 lemures
  3 phantoms
  A bullfrog (D:8)
  6 kobold brigands
  6 scorpions
  7 gnoll sergeants
  2 necrophages (D:6)
  15 killer bees
  13 electric eels
  3 howler monkeys (D:9)
  4 crimson imps (Gauntlet)
  A lava snake (D:10)
  A jelly (D:5)
  10 orc priests
  8 hounds
  6 gnoll boudas
  Terence (D:2)
  4 iguanas
  18 orc wizards
  14 gnolls
  17 adders
  2 shadow imps
  A white imp (D:6)
  2 ufetubi
  2 worms
  A dart slug (D:2)
  35 orcs
  4 bats
  5 endoplasms
  A giant cockroach (D:1)
  4 goblins
  10 hobgoblins
  3 quokkas
  9 ball pythons
  3 frilled lizards
  22 kobolds
  8 rats
358 creatures vanquished.

Vanquished Creatures (others)
  A wizard (D:10)
  Psyche (D:8)
  An orc wizard (D:9)
  An orc (D:9)
  5 toadstools (D:1)
9 creatures vanquished.

Grand Total: 367 creatures vanquished
